 Dungeon Crawl Stone Soup version 0.27-a0-906-g0a00ce863d (webtiles) character file.

Game seed: 15896346493902585186

142690 robertstho the Eclecticist (level 17, -4/108 HPs)
             Began as a Djinni Fire Elementalist on Apr 7, 2021.
             Was an Initiate of Gozag.
             Killed from afar by Roxanne (68 damage)
             ... with a crystal spear
             ... on level 15 of the Dungeon.
             The game lasted 01:12:20 (27234 turns).

robertstho the Eclecticist (DjFE)                  Turns: 27234, Time: 01:12:20

Health: -4/108     AC: 18    Str:  3    XL:     17   Next: 36%
Gold:   4351       EV: 13    Int: 22    God:    Gozag SH:  8 Dex: 16

rFire    + + +     SeeInvis .   P - +7 battleaxe of Patsad {flame, rPois rF+ rC+}
rCold    . . .     Faith    .   (shield currently unavailable)
rNeg     . . .     Spirit   +   T - +4 moon troll leather armour {Spirit, Regen++ MP+5}
rPois    ∞         Reflect  .   M - +2 hat
rElec    .         Harm     .   l - scarf {repulsion}
rCorr    .         Rampage  .   (no gloves)
Will     +....     Rnd*Tele +   (boots unavailable)
Stlth    ++++......             C - brooch of Shielding {Spirit SH+8}
HPRegen  0.00/turn              d - +4 ring of protection
MPRegen  0.00/turn              E - +4 ring of protection

@: unable to read, flying, repel missiles
A: fire resistance 3, cold vulnerability 1, float, innate caster, hp casting,
extra vitality 1, horns 1, thin skeletal structure 1, dopey 1, frail 1,
inhibited regeneration, teleportitis 2, weak 2, subdued magic 1, inability to
read while threatened
a: Renounce Religion, Potion Petition, Call Merchant, Bribe Branch


You were on level 15 of the Dungeon.
You worshipped Gozag.
Gozag was most pleased with you.
You visited 4 branches of the dungeon, and saw 24 of its levels.
You also visited: Sewer and Gauntlet.

You collected 9732 gold pieces.
You spent 4146 gold pieces at shops.
You paid 1235 gold pieces to Gozag.

Inventory:

Hand Weapons
 s - a +1 scimitar of flaming
 P - the +7 battleaxe of Patsad (weapon) {flame, rPois rF+ rC+}
   (You found it on level 6 of the Lair of Beasts)

   It has been specially enchanted to burn those struck by it, causing extra
   injury to most foes and up to half again as much damage against particularly
   susceptible opponents.
   Big, fiery blades are also staple armaments of hydra-hunters.
   It protects you from fire.
   It protects you from cold.
   It protects you from poison.
Missiles
 D - 4 throwing nets
Armour
 l - a scarf of repulsion (worn)
 u - a scarf of resistance
 H - the +1 pair of gloves of Intercession {rPois rF- Regen+ Str+4}
   (You found it in a Gauntlet)

   It affects your strength (+4).
   It makes you vulnerable to fire.
   It protects you from poison.
   It increases your rate of health regeneration.
 J - a +2 robe of cold resistance
 M - a +2 hat (worn)
 R - the +2 shield of Resistance {rF++ rC++ Will++}
   (You found it on level 13 of the Dungeon)

   It greatly protects you from fire.
   It greatly protects you from cold.
   It greatly increases your willpower.
 S - a +1 pair of gloves of stealth
 T - the +4 moon troll leather armour (worn) {Spirit, Regen++ MP+5}
   (You bought it in a shop on level 15 of the Dungeon)

   It affects your magic capacity (+5).
   It increases your rate of health regeneration.
Jewellery
 d - a +4 ring of protection (left hand)
 m - the amulet "Soqov" {Acrobat rN+++ Will-}
   (You found it on level 1 of the Lair of Beasts)

   [amulet of the acrobat]

   It increases your evasion while moving and waiting.
   It renders you almost immune to negative energy.
   It decreases your willpower.
 v - an amulet of reflection
 C - the brooch of Shielding (around neck) {Spirit SH+8}
   (You bought it in a shop on level 2 of the Orcish Mines)

   [amulet of guardian spirit]

   It causes incoming damage to be divided between your reserves of health and
   magic.
   It affects your SH (+8).
 E - a +4 ring of protection (right hand)
Wands
 g - a wand of mindburst (8)
 p - a wand of iceblast (30)
 N - a wand of acid (14)
Scrolls
 a - a scroll of vulnerability
 b - 6 scrolls of teleportation
 c - 2 scrolls of silence {unknown}
 f - 2 scrolls of torment {unknown}
 i - 5 scrolls of noise {unknown}
 q - 4 scrolls of enchant weapon {unknown}
 r - 6 scrolls of immolation
 t - 2 scrolls of fog {unknown}
 y - 5 scrolls of fear
 A - 2 scrolls of blinking
 G - 2 scrolls of magic mapping
 I - a scroll of summoning {unknown}
 K - 4 scrolls of enchant armour
 O - a scroll of brand weapon {unknown}
Potions
 e - 13 potions of curing
 h - a potion of attraction
 j - 2 potions of invisibility
 n - 7 potions of brilliance
 o - 4 potions of cancellation
 w - 4 potions of heal wounds
 x - 5 potions of berserk rage
 z - 3 potions of might
 B - 3 potions of haste
 U - a potion of resistance
Miscellaneous
 k - a box of beasts
 F - a phantom mirror


   Skills:
 * Level 11.2 Fighting
 + Level 2.0 Short Blades
 + Level 3.7 Axes
 + Level 5.2 Armour
 + Level 6.2 Dodging
 + Level 5.3 Stealth
 + Level 2.3 Shields
 + Level 0.6 Unarmed Combat
 * Level 20.7 Spellcasting


You had 9 spell levels left.
You knew the following spells:

 Your Spells              Type           Power      Damage    Failure   Level
a - Foxfire               Conj/Fire      100%       2x1d9     0%          1
b - Conjure Flame         Conj/Fire      73%        6-21      0%          3
c - Inner Flame           Hex/Fire       73%        N/A       0%          3
d - Sticky Flame          Conj/Fire      73%        2d9       0%          4
e - Fireball              Conj/Fire      36%        3d15      0%          5
f - Freeze                Ice            100%       1d11      0%          1
g - Wereblood             Tmut           73%        N/A       0%          2
h - Summon Guardian Gole  Hex/Summ       73%        N/A       0%          3
i - Spider Form           Tmut/Pois      36%        N/A       0%          3
j - Alistair's Intoxicat  Tmut/Pois      48%        N/A       0%          5
k - Irradiate             Conj/Tmut      36%        3d25      0%          5
l - Blade Hands           Tmut           36%        N/A       1%          6
m - Dragon Form           Tmut           36%        N/A       1%          7
Your spell library was empty.

Dungeon Overview and Level Annotations

Branches:
Dungeon (15/15)            Temple (1/1) D:5            Lair (6/6) D:11
 Shoals (0/4) Lair:3       Spider (0/4) Lair:3        Slime (0/5) Lair:5
    Orc (2/2) D:11            Elf (0/3) Orc:2        Vaults (0/5) D:14
 Depths (0/5) D:15          Sewer (visited)         Gauntlet (visited)

Altars:
Ashenzari
Cheibriados
Dithmenos
Elyvilon
Fedhas
Gozag
Hepliaklqana
Kikubaaqudgha
Makhleb
Nemelex Xobeh
Okawaru
Qazlal
Ru
Sif Muna
Trog
Uskayaw
Vehumet
Wu Jian
Xom
Yredelemnul
Zin
The Shining One
Beogh
Jiyva

Shops:
D:4 [   D:6 **(   D:10 =   D:13 [!   D:14 [   D:15 [   Orc:2 [=[(*

Annotations:
D:13 1 runed translucent door
D:15 exclusion: Roxanne, Roxanne
Lair:6 1 runed translucent door, tinescath's ghost, journeyman DjWz
Orc:2 1 runed translucent door, robertstho's ghost, journeyman DjIE


Innate Abilities, Weirdness & Mutations

You are immune to poison.
Your flesh is almost immune to the effects of heat. (rF+++)
You are vulnerable to cold. (rC-)
You float through the air rather than walking.
You learn spells naturally, not from books.
Your magical power is your life essence.
You have superior vitality. (+4 HP)
You have a pair of small horns on your head.
You have a somewhat thin skeletal structure. (Dex +2, Stealth)
You are dopey. (Int -2)
You are frail. (-10% HP)
You do not regenerate when monsters are visible.
You are sometimes teleported next to monsters.
You are very weak. (Str -4)
Your spells are a little easier to cast, but a little less powerful.
You sometimes lose the ability to read scrolls when taking damage.


Message History

Aiming: Fireball (safe; 0% risk of failure)
Press: ? - help, Shift-Dir - straight line The fireball explodes!
The fireball engulfs Roxanne.
Roxanne resists.
Roxanne is lightly damaged.
Unknown command.
Casting: Fireball (safe; 0% risk of failure)
Confirm with . or Enter, or press ? or * to list all spells.
Aiming: Fireball (safe; 0% risk of failure)
Press: ? - help, Shift-Dir - straight line The fireball explodes!
The fireball engulfs Roxanne.
Roxanne resists.
Roxanne is lightly damaged.
Unknown command.
Casting: Fireball (safe; 0% risk of failure)
Confirm with . or Enter, or press ? or * to list all spells.
Aiming: Fireball (safe; 0% risk of failure)
Press: ? - help, Shift-Dir - straight line The fireball explodes!
The fireball engulfs Roxanne.
Roxanne resists.
Roxanne is lightly damaged.
Unknown command.
Roxanne mumbles some strange words.
The crystal spear is repelled.
Roxanne mumbles some strange words.
The iron shot hits you!
Your magical contamination has completely faded away.
You hit Roxanne but do no damage.
Roxanne is lightly damaged.
You slash Roxanne!
Roxanne is lightly damaged.
Roxanne casts a spell.
You blink.
Roxanne mumbles some strange words.
The bolt of magma misses you.
Roxanne mumbles some strange words.
You blink.
Roxanne casts a spell.
The crystal spear hits you!!!
You feel threatened and lose the ability to read scrolls!
Ouch! That really hurt!
You die...
Your body crumbles into a pile of gold.

#### ##'## ###########....
..... #....#.........
......#....#.........
......#....#.......
......#....#......
........@.##...######
....................#
......8.............#
....................+
.....#..............#
########..............#
.......§....#....##########
####
.......######.........#....
....
.......#....#.........#....


You could see Roxanne.

Vanquished Creatures
  Rupert (D:13)
  Kirke (D:13)
  Frances (D:13)
  2 orc warlords
  Nessos (Lair:5)
  A minotaur (Gauntlet)
  2 fire dragons (D:13)
  Fannar (D:12)
  A rakshasa (D:15)
  4 vault guards (D:14)
  11 hydras
  4 boulder beetles
  2 ice dragons (D:13)
  3 catoblepae (Lair:6)
  2 ogre magi
  A death knight (D:12)
  8 two-headed ogres
  6 centaur warriors
  19 death yaks
  A vampire mage (D:15)
  4 orc high priests (Orc:2)
  A hell hog (Gauntlet)
  Urug (D:12)
  Nergalle (D:12)
  A storm dragon zombie (D:15)
  8 skeletal warriors
  A golden dragon zombie (D:15)
  A lindwurm (Lair:4)
  2 deep elf pyromancers
  3 orc knights
  2 necromancers
  A phantasmal warrior (D:12)
  A fire giant zombie (D:15)
  4 orc sorcerers (Orc:2)
  5 manticores
  5 ugly things
  4 oklob plants (Lair:6)
  3 cyclopes (D:14)
  2 merfolk sirens (Lair:3)
  A worldbinder (Gauntlet)
  21 elephants
  A fire giant skeleton (D:15)
  7 black mambas
  2 torpor snails
  3 gargoyles
  11 cane toads
  5 rime drakes
  2 kobold demonologists (D:11)
  Psyche (D:8)
  12 komodo dragons
  4 yaktaurs (D:13)
  A tengu conjurer (D:14)
  A guardian mummy (D:15)
  An efreet (D:14)
  7 trolls
  5 polar bears
  2 merfolk (Lair:3)
  5 hornets
  30 blink frogs
  14 slime creatures
  2 shadows
  5 wraiths
  2 vampires
  82 yaks
  2 hogs (D:13)
  2 wyverns
  Grum (D:8)
  8 humans (D:14)
  4 fire bats (Gauntlet)
  7 basilisks
  A steam dragon (D:10)
  8 vampire mosquitoes
  2 wargs (Orc:2)
  An acid dragon (D:10)
  3 hell hounds (Gauntlet)
  34 orc warriors
  26 water moccasins
  A black bear (D:8)
  A hornet zombie (D:8)
  A sky beast (D:5)
  2 necrophages (D:4)
  15 ogres
  10 boggarts
  30 wolves
  12 centaurs
  3 kobold brigands
  2 scorpions
  19 bullfrogs
  A gnoll sergeant (D:9)
  6 electric eels
  15 wights
  A howler monkey (D:4)
  6 centaur zombies
  A bullfrog zombie (D:5)
  3 hounds
  13 orc priests
  5 jellies
  Jessica (D:2)
  6 iguanas
  Ijyb (D:4)
  Natasha (D:2)
  23 orc wizards
  A hell rat (Lair:2)
  A howler monkey zombie (D:9)
  5 gnolls (D:9)
  7 adders
  2 river rats (Sewer)
  2 white imps
  2 ufetubi
  An adder skeleton (D:4)
  2 worms
  2 dart slugs
  77 orcs
  6 bats
  6 endoplasms
  10 giant cockroaches
  12 goblins
  7 hobgoblins
  14 jackals
  8 ball pythons
  7 frilled lizards
  16 kobolds
  6 rats
  A bush (Lair:6)
  2 butterflies (Lair:6)
824 creatures vanquished.

Vanquished Creatures (collateral kills)
  A foxfire (D:3)
1 creature vanquished.

Vanquished Creatures (others)
  3 humans (D:13)
  2 bushes
  621 foxfires
  31 fungi
  102 plants
  8 withered plants
767 creatures vanquished.

Grand Total: 1592 creatures vanquished

Notes
Turn   | Place    | Note
-------+----------+-------------------------------------------
     0 | D:1      | robertstho the Djinni Fire Elementalist began the quest for
                  | the Orb.
     0 | D:1      | Reached XP level 1. HP: 15/15 MP: 0/0
    20 | D:1      | Found a faded altar of an unknown god.
   224 | D:1      | Reached skill level 3 in Spellcasting
   307 | D:1      | Reached XP level 2. HP: 18/21 MP: 0/0
  1112 | D:2      | Reached XP level 3. HP: 21/26 MP: 0/0
  1112 | D:2      | Learned a level 1 spell: Freeze
  1574 | D:2      | Noticed Natasha
  1585 | D:2      | Killed Natasha
  1701 | D:2      | Reached XP level 4. HP: 28/31 MP: 0/0
  1922 | D:2      | Noticed Jessica
  1927 | D:2      | Reached skill level 4 in Spellcasting
  1930 | D:2      | Killed Jessica
  2348 | D:3      | Reached skill level 1 in Fighting
  2348 | D:3      | Reached XP level 5. HP: 35/37 MP: 0/0
  2348 | D:3      | Learned a level 2 spell: Wereblood
  3362 | D:3      | Found a glowing golden altar of the Shining One.
  3510 | D:4      | Noticed a necrophage
  3521 | D:4      | Killed a necrophage
  3522 | D:4      | Reached skill level 5 in Spellcasting
  3522 | D:4      | Reached XP level 6. HP: 35/43 MP: 0/0
  3864 | D:4      | Noticed Ijyb
  3883 | D:4      | Killed Ijyb
  3897 | D:4      | HP: 2/43 [wight/+0 long sword (11)]
  3901 | D:3      | Reached XP level 7. HP: 24/49 MP: 0/0
  3901 | D:3      | Learned a level 3 spell: Summon Guardian Golem
  4099 | D:4      | Reached skill level 6 in Spellcasting
  5139 | D:4      | Found Enosoonu's Armour Emporium.
  5161 | D:4      | Reached XP level 8. HP: 35/55 MP: 0/0
  5407 | D:5      | Entered Level 5 of the Dungeon
  5539 | D:5      | Reached skill level 7 in Spellcasting
  5650 | D:5      | Found a staircase to the Ecumenical Temple.
  5675 | Temple   | Entered the Ecumenical Temple
  5968 | Temple   | Became a worshipper of Gozag Ym Sagoz the Greedy
  6598 | D:6      | Found a glowing drain.
  6629 | Sewer    | Entered a sewer
  7570 | D:6      | Reached skill level 8 in Spellcasting
  8132 | D:6      | Found Qaajecia's General Store.
  8137 | D:6      | Found Iqa Coello's Assorted Antiques.
  8138 | D:6      | Found Gediokla's Weapon Shoppe.
  8139 | D:6      | Bought a potion of heal wounds for 65 gold pieces
  8142 | D:6      | Bought a potion of curing for 99 gold pieces
  8142 | D:6      | Bought a dented amethyst amulet for 165 gold pieces
  8252 | D:7      | Reached XP level 9. HP: 62/62 MP: 0/0
  8252 | D:7      | Learned a level 3 spell: Spider Form
  8486 | D:7      | Reached skill level 9 in Spellcasting
  8699 | D:7      | Reached skill level 1 in Armour
  8798 | D:8      | Noticed Grum
  8806 | D:8      | Killed Grum
  8808 | D:8      | Reached skill level 10 in Spellcasting
  8809 | D:8      | Reached XP level 10. HP: 35/69 MP: 0/0
  8960 | D:8      | Noticed a two-headed ogre
  8970 | D:8      | Killed a two-headed ogre
  8971 | D:8      | Reached skill level 1 in Short Blades
  9014 | D:8      | Reached skill level 5 in Fighting
  9176 | D:8      | Noticed Psyche
  9177 | D:8      | Noticed a six-headed hydra
  9181 | D:8      | Killed Psyche
  9182 | D:8      | Killed a six-headed hydra
  9234 | D:8      | Reached skill level 11 in Spellcasting
  9237 | D:8      | Noticed a two-headed ogre
  9249 | D:8      | Killed a two-headed ogre
  9556 | D:9      | Reached XP level 11. HP: 47/76 MP: 0/0
  9556 | D:9      | Learned a level 5 spell: Alistair's Intoxication
  9881 | D:9      | Reached skill level 12 in Spellcasting
  9998 | D:10     | Entered Level 10 of the Dungeon
 10119 | D:10     | Reached skill level 1 in Axes
 10942 | D:11     | Found a staircase to the Orcish Mines.
 11463 | D:11     | Reached skill level 13 in Spellcasting
 11487 | D:11     | Found a staircase to the Lair.
 11586 | D:12     | Noticed a skeletal warrior
 11586 | D:12     | Noticed a skeletal warrior
 11587 | D:12     | Noticed a skeletal warrior
 11589 | D:12     | Noticed a skeletal warrior
 11589 | D:12     | Noticed a deep elf pyromancer
 11592 | D:12     | Noticed a skeletal warrior
 11592 | D:12     | Noticed a six-headed hydra
 11595 | D:12     | Killed a skeletal warrior
 11747 | Lair:1   | Entered Level 1 of the Lair of Beasts
 11769 | Lair:1   | Reached XP level 12. HP: 23/84 MP: 0/0
 12422 | Lair:1   | Identified the amulet "Soqov" {Acrobat rN+++ Will-}
 13118 | Lair:2   | Reached skill level 14 in Spellcasting
 13176 | Lair:2   | Noticed a four-headed hydra
 13320 | Lair:2   | Killed a four-headed hydra
 13960 | Lair:2   | Reached XP level 13. HP: 68/90 MP: 0/0
 13960 | Lair:2   | Learned a level 5 spell: Irradiate
 13966 | Lair:2   | Reached skill level 15 in Spellcasting
 14350 | Lair:3   | Found a hole to the Spider Nest.
 14522 | Lair:3   | Reached skill level 5 in Dodging
 14985 | Lair:3   | Found a staircase to the Shoals.
 14991 | Lair:3   | Reached skill level 16 in Spellcasting
 15810 | Lair:4   | Reached XP level 14. HP: 72/99 MP: 0/0
 15954 | Lair:4   | Found a broken altar of Ashenzari.
 16535 | Lair:5   | Noticed Nessos
 16539 | Lair:5   | Killed Nessos
 17146 | Lair:5   | Reached skill level 17 in Spellcasting
 17283 | Lair:5   | Found a viscous altar of Jiyva.
 17283 | Lair:5   | Found a staircase to the Slime Pits.
 17575 | Lair:6   | Entered Level 6 of the Lair of Beasts
 17644 | Lair:6   | Reached skill level 1 in Shields
 17959 | Lair:6   | Gained mutation: You are weak. (Str -2) [mutagenic glow]
 17968 | Lair:6   | Found a runed translucent door.
 17969 | Lair:6   | Noticed tinescath's ghost (journeyman DjWz)
 18516 | Lair:6   | Reached XP level 15. HP: 94/106 MP: 0/0
 18516 | Lair:6   | Learned a level 6 spell: Blade Hands
 18881 | Lair:6   | Reached skill level 18 in Spellcasting
 18899 | Lair:6   | Gained mutation: You are occasionally teleported next to
                  | monsters. [mutagenic glow]
 19028 | Lair:6   | Gained mutation: You are clumsy. (Dex -2) [mutagenic glow]
 19294 | Lair:6   | Identified the +7 battleaxe of Patsad {flame, rPois rF+
                  | rC+}
 20043 | D:12     | Noticed Nergalle
 20045 | D:12     | Reached skill level 5 in Stealth
 20117 | Orc:1    | Entered Level 1 of the Orcish Mines
 20293 | Orc:2    | Entered Level 2 of the Orcish Mines
 20295 | Orc:2    | Reached skill level 10 in Fighting
 20349 | Orc:2    | Reached skill level 19 in Spellcasting
 20480 | Orc:2    | Found a runed translucent door.
 20480 | Orc:2    | Noticed robertstho's ghost (journeyman DjIE)
 20713 | Orc:2    | Found a staircase to the Elven Halls.
 20721 | Orc:2    | Found Levagosch's Antique Armour Boutique.
 20749 | Orc:2    | Bought a pair of ichor-stained gloves for 209 gold pieces
 20749 | Orc:2    | Identified the +0 pair of gloves of Lifelessness {Str+5
                  | Dex+6 Slay-6} (You bought it in a shop on level 2 of the
                  | Orcish Mines)
 20909 | Orc:2    | Found Yzyf's General Store.
 20920 | Orc:2    | Bought a scroll of teleportation for 48 gold pieces
 21183 | Orc:2    | Noticed an orc warlord
 21191 | Orc:2    | Killed an orc warlord
 21192 | Orc:2    | Reached skill level 5 in Armour
 21227 | Orc:1    | Noticed an orc warlord
 21483 | Orc:2    | Reached XP level 16. HP: 102/113 MP: 0/0
 21495 | Orc:2    | Found Ynutiuz's Antique Weapon Shop.
 21498 | Orc:2    | Found Opeul's Antique Armour Boutique.
 21512 | Orc:2    | Bought an embroidered scarf for 272 gold pieces
 21809 | Orc:2    | Found Raj Vock's Jewellery Shop.
 22425 | D:12     | Killed Nergalle
 22433 | D:12     | Noticed Fannar
 22439 | D:12     | Killed Fannar
 22603 | D:12     | Identified the +1 leather armour of Zadoepno {Int+3}
 22629 | D:12     | Noticed Urug
 22634 | D:12     | Killed Urug
 22998 | D:12     | Found an ornate altar of the Wu Jian Council.
 23099 | D:13     | Identified the +12 scythe "Nuollite" {flame, rF++ Str+7
                  | Dex-5}
 23133 | D:13     | Found a runed translucent door.
 23134 | D:13     | Found the +2 shield of Resistance {rF++ rC++ Will++}
 23137 | D:13     | Found a runed translucent door.
 23459 | D:13     | Found Zysm's Antique Armour Shop.
 23461 | D:13     | Noticed Rupert
 23466 | D:13     | Noticed Frances
 23472 | D:13     | Killed Frances
 23479 | D:13     | Gained mutation: You are sometimes teleported next to
                  | monsters. [mutagenic glow]
 23483 | D:13     | Paralysed by Rupert for 5 turns
 23498 | D:13     | Noticed Kirke
 23502 | D:13     | Killed Kirke
 23589 | D:13     | Gained mutation: Your flesh is almost immune to the effects
                  | of heat. (rF+++) [mutagenic glow]
 23598 | D:13     | Gained mutation: You are dopey. (Int -2) [mutagenic glow]
 23663 | D:13     | Killed Rupert
 23864 | D:13     | Reached skill level 20 in Spellcasting
 24241 | D:13     | Bought 2 potions of mutation for 224 gold pieces
 24241 | D:13     | Bought a potion of curing for 42 gold pieces
 24241 | D:13     | Bought a potion of magic for 112 gold pieces
 24241 | D:13     | Bought a potion of heal wounds for 70 gold pieces
 24241 | D:13     | Bought a potion of might for 56 gold pieces
 24241 | D:13     | Bought a potion of heal wounds for 70 gold pieces
 24241 | D:13     | Bought a potion of resistance for 140 gold pieces
 24241 | D:13     | Bought a potion of curing for 42 gold pieces
 24241 | D:13     | Bought 2 potions of berserk rage for 140 gold pieces
 24317 | D:14     | Found a gate leading to a gauntlet.
 24326 | Gauntlet | Entered a Gauntlet
 24326 | Gauntlet | Found a transporter.
 24326 | Gauntlet | Found a transporter.
 24326 | Gauntlet | Found a transporter.
 24379 | Gauntlet | Found a transporter.
 24379 | Gauntlet | Found a transporter.
 24391 | Gauntlet | Found a transporter.
 24393 | Gauntlet | Found a transporter.
 24403 | Gauntlet | Found a transporter.
 24491 | Gauntlet | Found a transporter.
 24505 | Gauntlet | Found a transporter.
 24509 | Gauntlet | Found a transporter.
 24519 | Gauntlet | Found a transporter.
 24612 | Gauntlet | Identified the +2 kite shield "Ciesseci" {Str-4 Dex+5}
 24631 | Gauntlet | Gained mutation: You are very weak. (Str -4) [mutagenic
                  | glow]
 24659 | Gauntlet | Gained mutation: You are often teleported next to monsters.
                  | [mutagenic glow]
 24700 | Gauntlet | Gained mutation: Your body sometimes deteriorates upon
                  | taking damage. [mutagenic glow]
 24710 | Gauntlet | Lost mutation: You are very weak. (Str -4) [mutagenic glow]
 24715 | Gauntlet | Identified the +1 pair of gloves of Intercession {rPois rF-
                  | Regen+ Str+4}
 24721 | Gauntlet | Gained mutation: You are very clumsy. (Dex -4) [mutagenic
                  | glow]
 24769 | Gauntlet | Lost mutation: You are often teleported next to monsters.
                  | [potion of mutation]
 24769 | Gauntlet | Lost mutation: Your body sometimes deteriorates upon taking
                  | damage. [potion of mutation]
 24769 | Gauntlet | Lost mutation: You are sometimes teleported next to
                  | monsters. [potion of mutation]
 24769 | Gauntlet | Lost mutation: You are very clumsy. (Dex -4) [potion of
                  | mutation]
 24769 | Gauntlet | Gained mutation: You have a somewhat thin skeletal
                  | structure. (Dex +2, Stealth) [potion of mutation]
 24769 | Gauntlet | Gained mutation: You are partially covered in iridescent
                  | scales. (AC +2) [potion of mutation]
 24770 | Gauntlet | Lost mutation: You are partially covered in iridescent
                  | scales. (AC +2) [potion of mutation]
 24770 | Gauntlet | Lost mutation: You are clumsy. (Dex -2) [potion of
                  | mutation]
 24770 | Gauntlet | Lost mutation: You are weak. (Str -2) [potion of mutation]
 24770 | Gauntlet | Lost mutation: You are occasionally teleported next to
                  | monsters. [potion of mutation]
 24770 | Gauntlet | Gained mutation: You are frail. (-10% HP) [potion of
                  | mutation]
 24770 | Gauntlet | Gained mutation: You are occasionally teleported next to
                  | monsters. [potion of mutation]
 24770 | Gauntlet | Gained mutation: You have a pair of small horns on your
                  | head. [potion of mutation]
 24782 | Gauntlet | Identified the +3 flail "Lifaly" {vorpal, rC+}
 24797 | Gauntlet | Gained mutation: You sometimes lose the ability to read
                  | scrolls when taking damage. [mutagenic glow]
 25274 | D:14     | Reached XP level 17. HP: 100/108 MP: 0/0
 25274 | D:14     | Learned a level 7 spell: Dragon Form
 25357 | D:14     | Gained mutation: You do not regenerate when monsters are
                  | visible. [mutagenic glow]
 25367 | D:14     | Gained mutation: You are sometimes teleported next to
                  | monsters. [mutagenic glow]
 25495 | D:14     | Found Kiofyci's Antique Armour Shoppe.
 25702 | D:14     | Found a gate to the Vaults.
 25839 | D:15     | Entered Level 15 of the Dungeon
 25896 | D:15     | Gained mutation: You are weak. (Str -2) [mutagenic glow]
 26063 | D:15     | Found a staircase to the Depths.
 26090 | D:15     | Gained mutation: You are very weak. (Str -4) [mutagenic
                  | glow]
 26177 | D:15     | Gained mutation: Your spells are a little easier to cast,
                  | but a little less powerful. [mutagenic glow]
 26326 | D:15     | Identified the +1 robe of Dishonesty {rPois rF+ MP-9 Int+9}
 26571 | D:15     | Found Kageik's Antique Armour Emporium.
 26579 | D:15     | Bought the +4 moon troll leather armour {Spirit, Regen++
                  | MP+5} for 1798 gold pieces
 26579 | D:15     | Found the +4 moon troll leather armour {Spirit, Regen++
                  | MP+5}
 26728 | Orc:2    | Bought the brooch of Shielding {Spirit SH+8} for 594 gold
                  | pieces
 26728 | Orc:2    | Found the brooch of Shielding {Spirit SH+8}
 27218 | D:15     | Identified Roxanne's Tome of Shape Shifting
 27218 | D:15     | Noticed Roxanne
 27234 | D:15     | Killed from afar by Roxanne

Illustrated notes

Levels and vault maps discovered:
D:1:      zaba_arrival_water, layout_basic, basic_ecumenical_altar
D:2:      layout_loops_ring, uniq_natasha, uniq_jessica
D:3:      layout_basic, tso_altar, minmay_starry_boxes
D:4:      minmay_spotlight, layout_loops_ring, minmay_shop_grid_forest,
          kennysheep_donut, uniq_ijyb
D:5:      layout_basic, minmay_temple_entry_tees, corexii_hall_statues_i
D:6:      layout_loops_corners, serial_co_window_serial, co_window_paths_b,
          co_window_paths_a, co_window_cross_1, co_window_corner_a,
          co_window_corner_a, co_window_paths_c, co_window_broadway_c,
          co_window_2corner, glass_columns_a, portal_sewer_entry_f,
          serial_shops, nicolae_shop_crystal, shop, shop
D:7:      layout_basic
D:8:      layout_basic, uniq_psyche, uniq_grum
D:9:      layout_big_octagon
D:10:     layout_stronghold
D:11:     layout_irregular_city, lair_entry_dummy, orc_0_dummy, minivault_1
D:12:     layout_rooms, nicolae_wu_jian_immortal_techniques, uniq_nergalle,
          uniq_urug, uniq_fannar
D:13:     layout_basic, serial_shops, shop, minmay_guarded_unrand_resistance,
          uniq_kirke, uniq_frances, uniq_rupert
D:14:     layout_loops_ring, ximxim_vaults_locker_room, serial_shops,
          kennysheep_mini, gauntlet_entry_generic, drop_trap,
          corexii_checkpoint_a
D:15:     gammafunk_depths_entry_grave, layout_grid_maze,
          chequers_serial_rivers_large_b, serial_shops, shop, st_stairs_9,
          lightli_minifort, uniq_roxanne
Temple:   kilobyte_greek_temple
Lair:1:   layout_layer_cave, nicolae_quartered_pool_medium,
          dpeg_stationary_puzzle
Lair:2:   nzn_winding_woodlands_stair_cross
          [nzn_winding_woodlands_5x15_sidewinder,
          nzn_winding_woodlands_center_diamonds,
          nzn_winding_woodlands_5x15_pool, nzn_winding_woodlands_5x5_three,
          nzn_winding_woodlands_5x5_default, nzn_winding_woodlands_5x15_jagged,
          nzn_winding_woodlands_center_garden,
          nzn_winding_woodlands_5x15_split_checker], layout_long_grid,
          grunt_megastairs_4
Lair:3:   layout_hall_layers, elwin_shoals_entry_stream, dummy_spider_entry,
          serial_bayou_shore_a
Lair:4:   layout_regular_city, basic_altar
Lair:5:   layout_regular_city, slime_altar_1, uniq_nessos
Lair:6:   evilmike_catoblepas_cave, layout_big_grid, ebering_ghost_inner_flame,
          infiniplex_staircase_pool, grunt_megastairs_1, serial_bayou_shore_b,
          lemuel_fruit_fields, minmay_lair_oklob_chamber, lemuel_fruit_tree
Orc:1:    layout_diamond_mine, basic_altar
Orc:2:    grunt_orc_community_town_hall, layout_caves,
          grunt_orc_community_big_house_1, grunt_orc_community_big_house_1,
          grunt_orc_community_house_2, grunt_orc_community_house_2,
          grunt_orc_community_house_3, grunt_orc_community_house_1,
          grunt_orc_community_house_2, grunt_orc_community_house_2,
          serial_shops, nicolae_shop_crystal, gammafunk_ghost_grave

Skill      XL: |  1  2  3  4  5  6  7  8  9 10 11 12 13 14 15 16 17 |
---------------+----------------------------------------------------+-----
Spellcasting   | 3 4 5 6 8 10 11 13 14 16 17 19 20 | 20.7
Fighting       | 1 2 3 4 5 6 7 8 9 10 11 | 11.2
Stealth        | 2 3 4 5 |  5.3
Dodging        | 3 4 5 6 |  6.2
Armour         | 2 3 4 5 |  5.2
Short Blades   | 1 2 |  2.0
Axes           | 1 2 3 |  3.7
Shields        | 1 2 |  2.3
Unarmed Combat | |  0.6

Action                   |  1- 3 |  4- 6 |  7- 9 | 10-12 | 13-15 | 16-18 || total
-------------------------+-------+-------+-------+-------+-------+-------++-------
Melee: Unarmed           |     7 |       |       |       |       |       ||     7
       Short sword       |       |     5 |    20 |       |       |       ||    25
       Battleaxe         |       |       |       |     6 |    12 |    36 ||    54
       Headbutt          |       |       |       |       |       |     3 ||     3
 Cast: Foxfire           |    56 |   105 |   212 |     4 |       |       ||   377
       Sticky Flame      |       |     6 |    17 |    27 |    31 |       ||    81
       Fireball          |       |       |    15 |   199 |   465 |   163 ||   842
       Irradiate         |       |       |       |       |    48 |   133 ||   181
       Alistair's Intoxi |       |       |       |       |     3 |     5 ||     8
Invok: Call Merchant     |       |       |       |       |       |     2 ||     2
  Use: Scroll            |       |     2 |     4 |    11 |     8 |     3 ||    28
       Potion            |       |     1 |       |     1 |     2 |     4 ||     8
 Stab: Sleeping          |       |     1 |     4 |       |       |     2 ||     7
Armor: Robe              |     3 |    14 |    34 |       |       |       ||    51
       Troll leather arm |       |       |    26 |    24 |    30 |    48 ||   128
Dodge: Dodged            |    14 |    23 |    66 |    27 |    47 |    92 ||   269
       Repelled          |       |       |       |       |       |     1 ||     1
Block: Other             |       |       |       |     3 |    20 |    45 ||    68
       Reflection        |       |       |       |     1 |       |     3 ||     4

Table legend: (Time is in decaauts)
 A = Elapsed time spent in this place.
 B = Non-inter-level travel time spent in this place.
 C = Inter-level travel time spent in this place.
 D = Time resting spent in this place.
 E = Time spent auto-exploring this place.
 F = Levels seen in this place.
 G = Mean time per level.
                   A        B        C        D        E       F      G
               +--------+--------+--------+--------+--------+-----+--------+
         Total |  27328 |  25382 |   1946 |   2029 |  18780 |  26 | 1051.1 |
       Dungeon |  15465 |  14340 |   1125 |   1301 |  10513 |  15 | 1031.0 |
        Temple |    334 |    296 |     38 |      0 |    265 |   1 |  334.0 |
          Lair |   8182 |   7667 |    515 |    642 |   5889 |   6 | 1363.7 |
  Orcish Mines |   2336 |   2069 |    267 |     86 |   1419 |   2 | 1168.0 |
         Sewer |    471 |    471 |      0 |      0 |    353 |   1 |  471.0 |
      Gauntlet |    539 |    539 |      0 |      0 |    341 |   1 |  539.0 |
               +--------+--------+--------+--------+--------+-----+--------+

Top non-repeatable levels by time:
   Orc:2: 1887 daAuts
  Lair:6: 1853 daAuts
     D:4: 1719 daAuts
  Lair:5: 1450 daAuts
  Lair:2: 1388 daAuts
     D:3: 1352 daAuts
    D:13: 1306 daAuts
     D:6: 1294 daAuts
     D:2: 1267 daAuts
  Lair:3: 1231 daAuts
    D:14: 1216 daAuts
    D:11: 1191 daAuts
  Lair:1: 1174 daAuts
  Lair:4: 1083 daAuts
     D:1: 1069 daAuts
